Map: Tokamak LE

Players

kairok - Winner!

  • Race: Protoss Protoss
  • League: Master
  • Spawn Location: 1:00

LittleYay

  • Race: Zerg Zerg
  • League: Platinum
  • Spawn Location: 7:00

VOD

Have the link to the VOD?

Description

Time

  • Played on: July 21, 2025, 8:50 a.m.
  • Length: 21:21
Show
View Real Time Build Order
Export as new Build Order

kairok Protoss - Winner!

Build Orders: 1 Gate Expand, Oracle Opening 

Get SALT Encoding   

  12  0:00  Probe  
  13  0:12  Probe  
  14  0:21  Pylon  
  14  0:25  Probe  
  15  0:38  Probe  
  15  0:40  Gateway  
  16  0:46  Probe  
  16  0:50  Assimilator  
  16  0:56  Probe  
  18  1:08  Probe  
  19  1:20  Probe  
  20  1:26  Nexus  
  20  1:38  Cybernetics Core  
  20  1:40  Probe  
  20  1:45  Assimilator  
  21  1:57  Probe  
  21  1:59  Pylon  
  22  2:09  Probe  
  23  2:19  Gateway, Stalker  
  25  2:27  Warp Gate  
  25  2:28  Stargate  
  25  2:41  Probe x2  
  27  2:53  Probe x2  
  29  3:00  Twilight Council  
  29  3:02  Shield Battery  
  29  3:05  Probe  
  30  3:07  Probe  
  30  3:10  Oracle  
  31  3:23  Probe x2  
  36  3:28  Resonating Glaives  
  36  3:30  Pylon  
  36  3:40  Probe x2  
  38  3:42  Assimilator  
  38  3:52  Probe x2  
  40  4:02  Void Ray  
  40  4:04  Probe x2  
  46  4:16  Probe x2  
  48  4:32  Probe x2  
  48  4:36  Pylon, Assimilator  
  50  4:39  Gateway  
  50  4:40  Gateway  
  50  4:42  Adept x2  
  54  4:50  Pylon  
  54  4:59  Void Ray  
  58  5:03  Adept x2  
  62  5:18  Charge  
  62  5:25  Adept x2  
  66  5:31  Nexus  
  66  5:34  Pylon  
  70  5:43  Void Ray  
  70  5:52  Probe x2  
  70  5:53  Adept x3  
  70  5:55  Pylon  
  70  7:00  Adept x3  
  70  7:01  Adept  
  72  7:02  Probe x3  
  71  7:20  Blink  
  71  7:22  Pylon  
  71  7:25  Pylon  
  71  7:30  Gateway  
  71  7:31  Gateway  
  71  7:32  Zealot x4  
  71  7:33  Gateway  
  79  7:38  Robotics Facility  
  79  7:41  Shield Battery  
  79  7:43  Shield Battery  
  79  7:45  Gateway  
  79  7:47  Gateway  
  79  7:48  Gateway  
  79  7:50  Pylon  
  79  7:54  Zealot x3  
  79  7:57  Zealot  
  87  7:59  Probe  
  87  8:00  Probe x2  
  94  8:10  Void Ray  
  94  8:11  Probe  
  94  8:12  Probe  
  96  8:16  Zealot x3  
  102  8:25  Zealot, Immortal  
  102  8:26  Zealot  
  110  8:31  Zealot x2  
  114  8:45  Zealot  
  114  8:59  Stalker  
  116  9:05  Pylon  
  116  9:06  Pylon  
  116  9:07  Pylon  
  116  9:08  Pylon  
  116  9:09  Probe  
  117  9:10  Assimilator  
  117  9:11  Assimilator  
  117  9:13  Pylon  
  117  9:18  Pylon  
  117  9:23  Immortal, Probe x3  
  128  9:26  Zealot x5  
  128  9:30  Void Ray  
  138  9:36  Probe x3  
  141  9:42  Gateway  
  97  10:09  Zealot x8  
  113  10:34  Zealot x2  
  113  10:35  Zealot x5  
  117  10:49  Stalker x2, Void Ray  
  117  10:55  Stalker x2  
  92  11:09  Stalker x3  
  98  11:15  Zealot x2  
  102  11:21  Warp Prism  
  102  11:23  Adept  
  104  11:29  Templar Archives  
  104  11:32  Void Ray  
  110  11:45  Zealot x4  
  110  11:46  Zealot  
  120  11:52  Forge  
  120  11:58  Dark Shrine  
  120  12:11  High Templar x3  
  120  12:13  High Templar  
  128  12:19  Archon  
  128  12:20  Archon  
  128  12:22  Immortal  
  132  12:26  Robotics Bay, Protoss Ground Weapons Level 1  
  132  12:45  Zealot x8, Pylon  
  132  12:46  Zealot  
  150  12:55  Probe x2  
  152  13:19  Zealot x8  
  168  13:20  Zealot  
  138  13:57  Adept x3  
  138  13:58  Adept x6  
  134  14:18  Stalker x2  
  134  14:19  Stalker x7  
  82  14:43  Adept x3  
  82  14:44  Adept x6  
  74  15:07  Stalker x4  
  74  15:08  Stalker x3  
  76  15:34  Nexus  
  76  15:40  Adept x2  
  76  15:41  Adept  
  80  15:48  Zealot x5  
  82  15:51  High Templar  
  82  15:52  High Templar x3  
  82  15:56  Pylon  
  90  15:57  Archon  
  90  15:58  Archon  
  90  16:00  Colossus  
  90  16:09  High Templar x2  
  90  16:10  High Templar x2  
  98  16:15  Archon x2  
  104  16:21  Shield Battery  
  104  16:23  Pylon  
  104  16:30  High Templar x3  
  104  16:31  High Templar  
  110  16:42  Zealot  
  110  16:43  Zealot x2  
  110  16:52  Colossus  
  88  17:06  High Templar x5  
  88  17:07  High Templar  
  106  17:10  Archon x2  
  106  17:13  Archon x2  
  103  17:17  Zealot  
  103  17:39  Archon  
  103  17:49  Protoss Ground Weapons Level 2  
  103  17:57  Gateway  
  103  17:58  Gateway, High Templar x2  
  107  18:00  Nexus  
  107  18:02  Archon  
  107  18:13  Pylon, High Templar x2  
  107  18:17  Archon  
  111  18:24  High Templar x3  
  117  18:30  High Templar  
  117  18:31  Archon  
  119  18:35  Archon  
  119  18:36  Sentry  
  119  18:37  Disruptor  
  125  18:56  High Templar x2  
  129  19:03  Archon  
  129  19:13  Phoenix  
  131  19:36  Zealot x8, Phoenix  
  149  20:00  Zealot x7  
  149  20:01  Colossus  
  135  20:34  Zealot x4  
  135  20:35  Zealot x3  
  93  21:13  Zealot x7  
Show
View Real Time Build Order
Export as new Build Order

LittleYay Zerg 

Build Orders: Hatch First 

Get SALT Encoding   

  12  0:00  Drone  
  13  0:13  Overlord  
  13  0:17  Drone  
  14  0:32  Drone x2  
  14  0:35  Drone  
  17  0:53  Drone, Hatchery  
  17  0:57  Drone  
  18  1:09  Extractor  
  17  1:14  Spawning Pool  
  17  1:16  Drone  
  17  1:19  Drone  
  18  1:29  Drone  
  19  1:42  Drone  
  20  1:51  Overlord  
  20  2:03  Queen  
  20  2:04  Queen  
  20  2:06  Zergling x4  
  26  2:16  Metabolic Boost  
  26  2:22  Drone x3  
  29  2:27  Drone  
  30  2:42  Queen  
  30  2:43  Queen  
  34  2:54  Drone x2  
  34  2:58  Overlord  
  36  3:07  Hatchery  
  35  3:18  Drone x3  
  38  3:26  Drone x4  
  38  3:27  Drone x2  
  44  3:38  Overlord  
  44  3:55  Extractor  
  43  3:56  Drone, Queen  
  43  3:57  Drone x2  
  43  3:58  Drone  
  43  4:00  Drone x2, Extractor  
  43  4:01  Drone  
  43  4:02  Drone  
  52  4:09  Lair  
  51  4:17  Drone  
  51  4:21  Spore Crawler  
  51  4:22  Drone  
  51  4:23  Drone x2  
  49  4:24  Drone  
  49  4:25  Drone x2  
  49  4:28  Spore Crawler  
  49  4:30  Drone x2  
  52  4:33  Drone x2  
  52  4:35  Drone x2  
  56  4:51  Drone x2  
  58  4:53  Spore Crawler  
  58  4:54  Overlord x2  
  58  4:58  Drone  
  58  5:00  Overlord x2  
  58  5:11  Overlord x2  
  58  5:12  Evolution Chamber, Roach Warren  
  58  5:14  Drone x2  
  58  5:18  Drone  
  58  5:19  Baneling Nest  
  58  5:21  Zergling x2  
  58  5:22  Zergling x4  
  60  5:33  Zergling x4  
  60  5:34  Zergling x10  
  67  5:49  Drone x7  
  74  6:10  Roach  
  74  6:11  Roach x9  
  94  6:13  Zerg Missile Weapons Level 1, Glial Reconstitution  
  94  6:18  Drone  
  94  6:19  Extractor  
  87  6:29  Roach x7  
  97  6:49  Roach x2  
  92  6:57  Queen  
  90  7:08  Queen  
  92  7:21  Roach x3  
  98  7:30  Overlord x3  
  98  7:31  Overlord x2  
  98  7:41  Spore Crawler  
  98  7:43  Queen, Hatchery, Overlord x2  
  98  7:48  Queen  
  100  7:52  Roach x12  
  100  7:58  Drone x2  
  126  8:00  Drone  
  121  8:27  Centrifugal Hooks  
  121  8:28  Spire  
  121  8:31  Hydralisk Den, Zerg Missile Weapons Level 2  
  121  8:32  Infestation Pit  
  116  8:36  Drone, Hatchery  
  116  8:37  Drone x2  
  116  8:39  Evolution Chamber  
  113  8:47  Pneumatized Carapace, Hatchery  
  96  8:58  Roach x14  
  122  9:10  Drone  
  122  9:11  Drone  
  122  9:12  Drone x2, Extractor x2  
  122  9:13  Drone x3  
  127  9:19  Roach x6  
  139  9:24  Zergling x8  
  143  9:33  Zerg Ground Armor Level 1  
  143  9:37  Drone  
  131  9:50  Hydralisk x3  
  131  9:51  Hydralisk  
  133  9:56  Hydralisk  
  125  10:01  Drone  
  126  10:08  Hydralisk x3  
  126  10:13  Hydralisk  
  126  10:14  Hydralisk  
  134  10:16  Zergling x20  
  134  10:17  Zergling x8  
  150  10:26  Zerg Flyer Weapons Level 1  
  149  10:30  Grooved Spines  
  146  10:37  Hydralisk  
  146  10:38  Hydralisk  
  123  10:51  Hydralisk  
  123  10:52  Hydralisk x3  
  100  11:08  Drone x7  
  100  11:09  Drone x6  
  100  11:10  Drone x3  
  114  11:12  Hydralisk  
  109  11:23  Zergling x8  
  113  11:26  Hatchery  
  113  11:28  Drone  
  113  11:33  Drone  
  113  11:36  Zerg Ground Armor Level 2  
  113  11:39  Hive  
  114  11:41  Muscular Augments  
  114  11:45  Zergling x16  
  122  11:55  Drone x3  
  122  11:56  Drone x4  
  129  12:04  Hydralisk x5  
  135  12:10  Hydralisk x3  
  135  12:11  Hydralisk  
  143  12:19  Hydralisk x2  
  147  12:23  Roach  
  147  12:24  Roach x2  
  147  12:26  Hydralisk  
  147  12:28  Zergling x16  
  163  12:36  Overlord x2  
  163  12:37  Overlord  
  163  12:39  Drone x4, Queen  
  163  12:43  Zerg Flyer Armor Level 1  
  169  12:51  Drone x2  
  169  12:55  Roach x6  
  169  12:56  Roach x3  
  186  13:08  Viper  
  189  13:19  Zergling x2  
  188  13:20  Zergling x14  
  183  13:35  Adrenal Glands  
  183  13:36  Roach x3  
  183  13:37  Roach x5  
  186  13:42  Drone x3  
  186  13:43  Drone x3  
  188  13:55  Drone x7  
  192  13:56  Drone x3  
  192  14:01  Overlord  
  192  14:02  Queen  
  149  14:18  Hydralisk x11  
  141  14:27  Roach  
  141  14:28  Roach x3  
  133  14:33  Roach x4  
  125  14:39  Roach x3  
  125  14:40  Roach  
  125  14:45  Roach x4  
  133  14:46  Zergling x2  
  124  14:58  Roach x5  
  112  15:07  Roach x3  
  112  15:08  Roach x4  
  124  15:19  Roach x5  
  127  15:22  Drone x4  
  131  15:30  Drone x4  
  135  15:36  Spore Crawler  
  135  15:40  Roach x7  
  144  15:43  Drone  
  144  15:47  Drone x2  
  147  15:51  Zerg Missile Weapons Level 3  
  147  15:52  Zerg Ground Armor Level 3  
  147  16:00  Roach x5  
  147  16:02  Zergling x2  
  147  16:03  Zergling x18  
  167  16:06  Drone  
  168  16:14  Overlord  
  168  16:15  Overlord  
  168  16:29  Hydralisk x8  
  168  16:30  Hydralisk x2  
  180  16:40  Hydralisk x3  
  180  16:46  Overlord x2  
  178  16:47  Drone x3, Overlord  
  151  17:06  Hydralisk  
  151  17:07  Hydralisk x6  
  156  17:19  Roach  
  156  17:20  Roach x7  
  157  17:30  Drone x2  
  157  17:31  Drone x3  
  157  17:34  Drone x2  
  157  17:35  Drone  
  157  17:36  Drone  
  164  17:38  Hatchery  
  163  17:45  Hydralisk x4  
  171  17:58  Viper x2  
  171  18:00  Unknown  
  171  18:02  Zergling x10  
  171  18:03  Zergling x8  
  186  18:15  Zergling x2  
  186  18:16  Zergling x16  
  195  18:28  Zerg Melee Weapons Level 1, Overlord x3  
  195  18:38  Overlord  
  195  18:39  Overlord x3  
  189  18:48  Zergling x6  
  189  18:49  Zergling x16  
  199  19:04  Extractor x2  
  197  19:10  Queen  
  197  19:11  Spore Crawler, Hatchery  
  197  19:12  Drone x3, Spore Crawler  
  174  19:42  Drone x5  
  174  19:43  Drone x4  
  174  19:44  Drone x3, Hydralisk x7  
  200  20:06  Baneling x2  
  200  20:10  Spine Crawler  
  200  20:11  Lair, Spine Crawler  
  200  20:13  Spine Crawler  
  161  20:30  Drone x3  
  158  20:41  Hatchery  
Tags
 
Add a new tag
Caveats
  • Supply blocks, unpowered buildings, or Contaminate may cause inaccurate times.
  • Supply counts are checked every 10 seconds.